 Dungeon Crawl Stone Soup version 0.24-a0-512-g2b48af375b (webtiles) character file.

Game seed: 782817535473721528

2942 DeathSun the Basher (level 9, -5/55 HPs)
             Began as a Gargoyle Fighter on July 20, 2019.
             Was a High Priest of Ru.
             Slain by Snorg (6 damage)
             ... on level 11 of the Dungeon.
             The game lasted 00:30:53 (11430 turns).

DeathSun the Basher (Gargoyle Fighter)             Turns: 11430, Time: 00:30:54

Health: -5/55      AC: 24    Str: 25    XL:     9   Next: 80%
Magic:  0/9        EV:  7    Int:  9    God:    Ru [*****.]
Gold:   1080       SH:  4    Dex: 10    Spells: 8/8 levels left

rFire    . . .     SeeInvis .   K - +5 flail
rCold    . . .     Gourm    .   x - +0 buckler
rNeg     + . .     Faith    .   d - +0 plate armour
rPois    ∞         Spirit   +   o - +0 helmet
rElec    +         Reflect  .   B - scarf {Spirit}
rCorr    .         Harm     .   (no gloves)
MR       .....                  P - +0 pair of boots
Stlth    ..........             A - amulet of rage
HPRegen  0.18/turn              C - +3 ring of strength
MPRegen  0.11/turn              s - +1 ring of protection

@: exhausted, lightly drained
A: negative energy resistance 1, electricity resistance, unbreathing,
petrification resistance, rot immunity, hated by all, inability to train
dodging, inexperienced 1, AC +6
a: Draw Out Power, Power Leap, Apocalypse, Renounce Religion, Evoke Berserk Rage


You were on level 11 of the Dungeon.
You worshipped Ru.
Ru was extremely pleased with you.
You were not hungry.

You visited 2 branches of the dungeon, and saw 12 of its levels.

You collected 1170 gold pieces.
You spent 90 gold pieces at shops.

Inventory:

Hand Weapons
 a - a +0 flail
 t - a +0 dire flail
 K - a +5 flail (weapon)
 L - a +0 morningstar
Missiles
 m - 462 stones (quivered)
Armour
 c - a +0 shield
 d - a +0 plate armour (worn)
 l - a +0 cloak
 o - a +0 helmet (worn)
 x - a +0 buckler (worn)
 B - a scarf of spirit shield (worn)
 P - a +0 pair of boots (worn)
Jewellery
 s - a +1 ring of protection (right hand)
 v - an uncursed amulet of the acrobat {unknown}
 A - an amulet of rage (around neck)
 C - a +3 ring of strength (left hand)
Wands
 D - a wand of polymorph (12)
 E - a wand of digging (5)
 G - a wand of acid (11)
 H - a wand of scattershot (4)
 N - a wand of disintegration (6)
Scrolls
 b - 3 scrolls of fear
 g - 2 scrolls of blinking
 j - 2 scrolls of enchant weapon
 n - 5 scrolls of remove curse
 q - a scroll of enchant armour
 r - a scroll of amnesia {unknown}
 w - 2 scrolls of magic mapping
 y - 2 scrolls of immolation
 I - a scroll of teleportation
 O - a scroll of acquirement {unknown}
Potions
 e - a potion of magic {unknown}
 h - a potion of flight
 k - 2 potions of curing
 p - 3 potions of brilliance
 u - a potion of degeneration {unknown}
 z - 3 potions of lignification
 F - a potion of might
 M - a potion of resistance {unknown}
Comestibles
 f - 16 rations


   Skills:
 - Level 6.2(5.9) Fighting
 * Level 13.1(12.6) Maces & Flails
 + Level 9.2(8.8) Armour
 - Level 4.5(4.2) Shields


You had 8 spell levels left.
You didn't know any spells.
Your spell library contained the following spells:

 Spells                   Type           Power        Failure   Level  Hunger
 Sting                    Conj/Pois      #...         99%         1    ##.....
 Poisonous Vapours        Pois/Air       #.....       100%        2    ###....
 Mephitic Cloud           Conj/Pois/Air  #.......     100%        3    ####...
 Olgreb's Toxic Radiance  Pois           #.......     100%        4    #####..
 Venom Bolt               Conj/Pois      #.........   100%        5    ######.


Dungeon Overview and Level Annotations

Branches:
Dungeon (11/15)            Temple (1/1) D:5            Lair (0/6) D:11
    Orc (0/2) D:9

Altars:
Ashenzari
Cheibriados
Dithmenos
Elyvilon
Fedhas
Gozag
Hepliaklqana
Kikubaaqudgha
Makhleb
Nemelex Xobeh
Okawaru
Qazlal
Ru
Sif Muna
Trog
Uskayaw
Vehumet
Wu Jian
Xom
Yredelemnul
Zin
The Shining One

Shops:
D:6 =   D:8 [

Portals:
Trove: D:10 (give +3 storm dragon scales)

Annotations:
D:11 Snorg


Innate Abilities, Weirdness & Mutations

You are resistant to torment.
Your stone body is resilient. (AC +6)
You are immune to poison.
You resist negative energy. (rN+)
You are resistant to electric shocks. (rElec)
You can survive without breathing.
You are immune to petrification.
You are immune to rotting.
You are hated by all.
You cannot train Dodging skill.
You are somewhat inexperienced. (-2 XL)


Message History

Snorg bites you! Snorg claws you!
* * * LOW HITPOINT WARNING * * *
Snorg claws you but does no damage. The porcupine bites you.
* * * LOW HITPOINT WARNING * * *
Okay, then.
You are restored by drawing out deep reserves of power within.
You feel drained. Snorg bites you!! Snorg claws you but does no damage.
Snorg claws you. Snorg bites you but does no damage.
Snorg barely misses you. x2
You redirect the porcupine's attack!
The porcupine closely misses itself.
You fail to use your ability.
Snorg bites you but does no damage. Snorg barely misses you. Snorg claws you!
* * * LOW HITPOINT WARNING * * *
The porcupine barely misses you.
You closely miss Snorg.
Snorg is almost dead.
Snorg barely misses you. Snorg claws you!
* * * LOW HITPOINT WARNING * * *
Snorg barely misses you. You block the porcupine's attack. Snorg bites you.
You die...

..##### .......
#####.......
#.........P.
#...........
#.....PP..PP
#+###.P..T.....P
.......P@PPPPP.P .....
#####..rPP.PPPPP
.......#.....P.PP.....P
#......#.......P.P..P..
#......#....P...P...P.>
#......####'.P.P......P
##..............PP.PP...
..................PPPP.P
..............P....PPPP


You could see Snorg (berserk) and a porcupine.

Vanquished Creatures
  A two-headed ogre (D:7)
  An unseen horror (D:10)
  Joseph (D:7)
  A hornet (D:10)
  A troll (D:11)
  A wraith (D:11)
  A wyvern (D:11)
  A hungry ghost (D:11)
  A steam dragon (D:9)
  2 water moccasins
  2 porcupines (D:11)
  3 orc warriors
  3 sky beasts
  A black bear (D:11)
  3 ogres
  3 centaurs
  4 big kobolds
  5 bullfrogs
  3 scorpions
  4 killer bees (D:9)
  A water moccasin skeleton (D:6)
  7 wights
  8 howler monkeys
  4 crimson imps
  A centaur zombie (D:5)
  A bullfrog zombie (D:10)
  3 hounds
  An orc priest (D:5)
  A bullfrog skeleton (D:10)
  A jelly (D:6)
  3 centaur skeletons
  Jessica (D:2)
  3 iguanas
  15 orc wizards
  6 worker ants
  A hound zombie (D:7)
  A hound skeleton (D:10)
  Robin (D:2)
  3 worker ant zombies
  10 adders
  6 gnolls
  2 shadow imps
  3 oozes
  2 worms
  4 dart slugs
  5 leopard geckos
  26 orcs
  4 giant cockroaches
  17 goblins
  11 hobgoblins
  9 jackals
  4 quokkas
  4 ball pythons
  8 bats
  6 frilled lizards
  A jackal skeleton (D:5)
  46 kobolds
  A quokka zombie (D:5)
  10 rats
283 creatures vanquished.

Vanquished Creatures (others)
  A cyclops (D:11)
  15 fungi (D:11)
  2 plants (D:11)
18 creatures vanquished.

Grand Total: 301 creatures vanquished

Notes
Turn   | Place    | Note
-------+----------+-------------------------------------------
     0 | D:1      | DeathSun the Gargoyle Fighter began the quest for the Orb.
     0 | D:1      | Reached XP level 1. HP: 14/14 MP: 1/1
   198 | D:1      | Reached XP level 2. HP: 19/19 MP: 2/2
   454 | D:1      | Reached skill level 3 in Maces & Flails
   752 | D:1      | Reached XP level 3. HP: 23/23 MP: 3/3
  1014 | D:2      | Reached skill level 4 in Maces & Flails
  1051 | D:2      | Reached XP level 4. HP: 27/28 MP: 4/4
  1178 | D:2      | Noticed Jessica
  1179 | D:2      | Noticed Robin
  1313 | D:2      | Killed Robin
  1462 | D:2      | Killed Jessica
  1462 | D:2      | Reached skill level 5 in Maces & Flails
  1462 | D:2      | Reached XP level 5. HP: 32/32 MP: 5/5
  1989 | D:3      | Noticed a big kobold
  2004 | D:3      | Killed a big kobold
  2004 | D:3      | Reached skill level 6 in Maces & Flails
  2004 | D:3      | Reached XP level 6. HP: 33/37 MP: 6/6
  2561 | D:3      | Reached skill level 7 in Maces & Flails
  2592 | D:3      | Reached XP level 7. HP: 39/41 MP: 7/7
  3594 | D:4      | Reached skill level 8 in Maces & Flails
  4445 | D:5      | Entered Level 5 of the Dungeon
  4464 | D:5      | Found a staircase to the Ecumenical Temple.
  4482 | Temple   | Entered the Ecumenical Temple
  4818 | Temple   | Became a worshipper of Ru the Awakened
  5050 | D:5      | Reached skill level 9 in Maces & Flails
  5050 | D:5      | Reached XP level 8. HP: 46/46 MP: 8/8
  5183 | D:5      | Found a sparkling altar of Nemelex Xobeh.
  5184 | D:5      | Found an iron altar of Okawaru.
  5698 | D:6      | Reached skill level 5 in Fighting
  5798 | D:7      | Gained mutation: You are hated by all. [Ru sacrifice]
  5798 | D:7      | Reached * piety under Ru
  5819 | D:7      | Reached skill level 5 in Armour
  5836 | D:7      | Reached XP level 9. HP: 38/54 MP: 9/9
  5842 | D:7      | Reached skill level 10 in Maces & Flails
  5845 | D:7      | Noticed Joseph
  6363 | D:6      | Found Qoepauq's Jewellery Shoppe.
  6793 | D:7      | Found a radiant altar of Vehumet.
  7610 | D:7      | Killed Joseph
  8030 | D:8      | Noticed a two-headed ogre
  8158 | D:7      | Killed a two-headed ogre
  8158 | D:7      | Reached skill level 11 in Maces & Flails
  8158 | D:7      | Reached XP level 10. HP: 36/60 MP: 10/10
  8422 | D:8      | Found Ozuuwow's Armour Emporium.
  8425 | D:8      | Bought a scarf of spirit shield for 90 gold pieces
  8525 | D:8      | Found a hazy altar of Hepliaklqana.
  8802 | D:8      | Gained mutation: You cannot train Dodging skill. [Ru
                  | sacrifice]
  8802 | D:8      | Reached ** piety under Ru
  9357 | D:9      | Found a staircase to the Orcish Mines.
  9991 | D:10     | Entered Level 10 of the Dungeon
 10300 | D:10     | Reached skill level 12 in Maces & Flails
 10515 | D:10     | Gained mutation: You are somewhat inexperienced. (-2 XL)
                  | [Ru sacrifice]
 10515 | D:10     | Reached XP level 9. HP: 52/55 MP: 9/9
 10515 | D:10     | Reached XP level 8. HP: 51/51 MP: 8/8
 10515 | D:10     | Reached *** piety under Ru
 10515 | D:10     | Reached **** piety under Ru
 10515 | D:10     | Reached ***** piety under Ru
 10564 | D:10     | Found a portal to a secret trove of treasure.
 10674 | D:10     | Noticed an unseen horror
 10681 | D:10     | Killed an unseen horror
 10816 | D:10     | Reached XP level 9. HP: 52/55 MP: 7/9
 11293 | D:11     | Noticed a cyclops
 11306 | D:11     | Killed a cyclops
 11380 | D:11     | Noticed a troll
 11385 | D:11     | Killed a troll
 11385 | D:11     | Reached skill level 13 in Maces & Flails
 11410 | D:11     | Noticed Snorg
 11415 | D:11     | Found a staircase to the Lair.
 11430 | D:11     | HP: 1/55 [Snorg (11)]
 11430 | D:11     | Slain by Snorg

Levels and vault maps discovered:
D:1:      dpeg_arrival_refuge, layout_loops_cross, serial_glass,
          glass_columns_a, glass_columns_b
D:2:      layout_loops_ring, first_ration, minivault_19, uniq_robin,
          uniq_jessica
D:3:      minmay_goblin_kobold_castle, layout_loops_cross, serial_bayou_pond_d
D:4:      layout_loops_ring
D:5:      layout_basic, chequers_temple_overflow_statue_of_worship,
          minmay_temple_entry_mini_moons
D:6:      layout_cave_pools, nicolae_ossuary_entry_plus, serial_shops,
          kennysheep_little_box
D:7:      layout_rooms, lemuel_crystal_altar, uniq_joseph
D:8:      layout_cave_pools, lemuel_round_altar, serial_shops,
          kennysheep_mini_moat
D:9:      layout_stronghold, orc_0_dummy
D:10:     layout_cave_pods, enter_trove_6
D:11:     layout_irregular_city, due_lair_maze_entry_diamond, serial_glass,
          glass_columns_c, glass_columns_b, uniq_snorg, uniq_sonja
Temple:   hc_temple_tempest_star

Skill      XL: |  1  2  3  4  5  6  7  8  9 10 |
---------------+-------------------------------+-----
Maces & Flails | 3 4 5 6 7 9 13 12 | 13.1
Fighting       | 5 6 |  6.2
Armour         | 5 9 8 |  9.2
Shields        | 4 |  4.5

Action                   |  1- 3 |  4- 6 |  7- 9 | 10-12 || total
-------------------------+-------+-------+-------+-------++-------
Melee: Flail             |    92 |   292 |   738 |    51 ||  1173
       Dire flail        |       |       |       |   183 ||   183
Invok: Sacrifice Love    |       |       |     1 |       ||     1
       Sacrifice Experie |       |       |     1 |       ||     1
       Draw Out Power    |       |       |     1 |       ||     1
       Sacrifice Nimblen |       |       |       |     1 ||     1
Evoke: Wand              |       |       |     5 |       ||     5
  Use: Scroll            |       |       |    18 |     3 ||    21
       Potion            |       |       |     3 |       ||     3
 Stab: Distracted        |       |       |     1 |     1 ||     2
       Invisible         |       |       |     1 |       ||     1
  Eat: Chunk             |       |     5 |    17 |       ||    22
       Ration            |       |       |     1 |     3 ||     4
Armor: Scale mail        |    47 |   176 |   155 |       ||   378
       Plate armour      |       |       |   327 |   189 ||   516
Dodge: Dodged            |    17 |    97 |   157 |    52 ||   323
Block: Shield            |    73 |   195 |   308 |       ||   576
       Buckler           |       |       |    21 |    11 ||    32

Table legend:
 A = Non-vault XP
 B = Vault XP
 C = Vault XP percentage of total XP
 D = Non-vault monster count
 E = Vault monster count
 F = Vault count percentage of total count
                 A         B        C        D         E       F
            +---------+---------+-------+---------+---------+-------
      Total |    8099 |    1489 |  15.5 |     215 |      69 |  24.3
            +---------+---------+-------+---------+---------+-------
        D:1 |      38 |       0 |   0.0 |      22 |       0 |   0.0
        D:2 |      79 |     195 |  71.2 |      19 |      18 |  48.6
        D:3 |      89 |     388 |  81.3 |      20 |      46 |  69.7
        D:4 |     270 |       0 |   0.0 |      16 |       0 |   0.0
        D:5 |     780 |       0 |   0.0 |      28 |       0 |   0.0
        D:6 |     692 |       0 |   0.0 |      31 |       0 |   0.0
        D:7 |    1779 |     460 |  20.5 |      28 |       1 |   3.4
        D:8 |     455 |       0 |   0.0 |      12 |       0 |   0.0
        D:9 |    1032 |       0 |   0.0 |      17 |       0 |   0.0
       D:10 |    1518 |       0 |   0.0 |      15 |       0 |   0.0
       D:11 |    1367 |     446 |  24.6 |       7 |       4 |  36.4
            +---------+---------+-------+---------+---------+-------
